 Dungeon Crawl Stone Soup version 0.29-a0-22-gbf593b16ee (webtiles) character file.

Game seed: 1752130598332273255

49 Hubjo the Digger (level 3, -2/19 HPs)
             Began as a Gargoyle Earth Elementalist on Jan 29, 2022.
             Slain by Robin (4 damage)
             ... on level 2 of the Dungeon.
             The game lasted 00:19:06 (662 turns).

Hubjo the Digger (Gargoyle Earth Elementalist)       Turns: 662, Time: 00:19:07

Health: -2/19      AC:  5    Str: 11    XL:     3   Next: 77%
Magic:  0/7        EV: 12    Int: 17    God:
Gold:   34         SH:  0    Dex: 10    Spells: 1/7 levels left

rFire   . . .      SeeInvis .   e - +1 dagger
rCold   . . .      Faith    .   (no shield)
rNeg    + . .      Spirit   .   b - +0 robe
rPois   ∞          Reflect  .   (no helmet)
rElec   +          Harm     .   (no cloak)
rCorr   .          Rampage  .   (no gloves)
Will    .....                   (no boots)
Stlth   ++........              (no amulet)
HPRegen 0.06/turn               (no ring)
MPRegen 0.10/turn               (no ring)

@: no status effects
A: sickness immunity, AC +3, negative energy resistance 1, electricity
resistance, torment resistance 1, petrification resistance
a: no special abilities


You were on level 2 of the Dungeon.
You visited 1 branch of the dungeon, and saw 2 of its levels.

You collected 34 gold pieces.

Inventory:

Hand Weapons
 c - a +0 club
 e - a +1 dagger (weapon)
 g - a +0 dagger
 h - a +0 whip
 i - a +0 dagger
Missiles
 d - 3 poisoned darts (quivered)
 f - 21 arrows
Armour
 a - a +0 robe
 b - a +0 robe (worn)


   Skills:
 + Level 1.8 Dodging
 + Level 2.3 Stealth
 + Level 2.9 Spellcasting
 + Level 0.7 Transmutations
 + Level 4.5 Earth Magic


You had one spell level left.
You knew the following spells:

 Your Spells              Type           Power      Damage    Failure   Level
a - Sandblast             Erth           34%        2d9       2%          1
b - Passwall              Tmut/Erth      9%         N/A       9%          2
c - Stone Arrow           Conj/Erth      20%        3d8       22%         3

Your spell library contained the following spells:

 Spells                   Type           Power      Damage    Failure   Level
 Petrify                  Tmut/Erth      11%        N/A       52%         4


Dungeon Overview and Level Annotations

Branches:
Dungeon (2/15)

Altars:

Annotations:
D:2 Robin


Innate Abilities, Weirdness & Mutations

You are immune to sickness and miasma.
Your stone body is resilient. (AC +3)
You are immune to poison.
You resist negative energy. (rN+)
You are resistant to electric shocks. (rElec)
You are resistant to unholy torment.
You are immune to petrification.


Message History

Aim: Robin, wielding a +0 club, wearing a +2 animal skin and wearing a +0 helmet (almost dead, 77% to hit)
You miscast Stone Arrow.
You are very lightly contaminated with residual magic.
Nothing appears to happen.
Your magical contamination has completely faded away.
The hobgoblin shouts!
Casting: Stone Arrow (potentially lethal; 22% risk of failure)
Confirm with . or Enter, or press ? or * to list all spells.
The spell is potentially lethal to miscast (22% risk of failure)!
Continue anyway?
Aiming: Stone Arrow (potentially lethal; 22% risk of failure)
Press: ? - help, Shift-Dir - straight line, f/p - Robin
Aim: Robin, wielding a +0 club, wearing a +2 animal skin and wearing a +0 helmet (almost dead, 77% to hit)
The stone arrow misses Robin.
Robin hits you with a +0 club. The hobgoblin closely misses you.
You closely miss the hobgoblin. Robin hits you but does no damage.
The hobgoblin hits you.
You barely miss the hobgoblin. Robin barely misses you. The hobgoblin hits you.
You barely miss the hobgoblin. Robin hits you with a +0 club.
The hobgoblin hits you but does no damage.
You hit the hobgoblin.
The hobgoblin is heavily wounded.
Robin roars a battlecry!
The goblins go into a battle-frenzy!
The hobgoblin barely misses you.
You hit the hobgoblin.
The hobgoblin is severely wounded.
Robin barely misses you. The hobgoblin barely misses you.
You hit the hobgoblin.
The hobgoblin is almost dead.
Robin hits you with a +0 club. The hobgoblin hits you.
* * * LOW HITPOINT WARNING * * *
You closely miss the hobgoblin.
The hobgoblin is almost dead.
Robin hits you with a +0 club.
* * * LOW HITPOINT WARNING * * *
The hobgoblin barely misses you.
You closely miss the hobgoblin.
The hobgoblin is almost dead.
Robin hits you with a +0 club.
You die...

...
####...##.#.#
...
#..###.#.# ..
#....(...# ..
#.g..g..## '#
#.####..# .#
#.###..g##
.######
#g##†###K#
......#
#.##.# #g#
..###.#
#.##.###@#
...##.#
#.##...g##
..###.#
#.##.##.# .##
#.###.......#
.#
#........####
.# ##########
.#


You could see Robin, a hobgoblin (strong), a goblin (strong) and a kobold.

Vanquished Creatures
  2 adders (D:2)
  A worm (D:2)
  A dart slug (D:2)
  2 bats (D:1)
  A giant cockroach (D:1)
  6 goblins (D:2)
  2 hobgoblins (D:2)
  4 quokkas (D:1)
  2 ball pythons (D:1)
  3 rats
24 creatures vanquished.

Notes
Turn   | Place    | Note
-------+----------+-------------------------------------------
     0 | D:1      | Hubjo the Gargoyle Earth Elementalist began the quest for
                  | the Orb.
     0 | D:1      | Reached XP level 1. HP: 10/10 MP: 3/3
    90 | D:1      | Reached XP level 2. HP: 15/15 MP: 0/5
    93 | D:1      | Learned a level 2 spell: Passwall
   107 | D:1      | Reached skill level 4 in Earth Magic
   433 | D:2      | Reached XP level 3. HP: 19/19 MP: 3/6
   437 | D:2      | Learned a level 3 spell: Stone Arrow
   495 | D:2      | Noticed Robin
   662 | D:2      | Slain by Robin

Illustrated notes

Levels and vault maps discovered:
D:1:      minmay_arrival_open_corners, layout_basic,
          dreamdust_ecumenical_altar_statues
D:2:      layout_loops_corners, uniq_robin

Skill      XL: |  1  2 |
---------------+-------+-----
Earth Magic    | 4 |  4.5
Dodging        | |  1.8
Stealth        | |  2.3
Spellcasting   | |  2.9
Transmutations | |  0.7

Action                   || total
-------------------------++-------
Melee: Dagger            ||    27
Throw: Dart              ||     1
 Cast: Sandblast         ||    30
       Stone Arrow       ||     5
  Use: Scroll            ||     2
       Potion            ||     1
Armor: Robe              ||     8
Dodge: Dodged            ||    24

Table legend: (Time is in decaauts)
 A = Elapsed time spent in this place.
 B = Non-inter-level travel time spent in this place.
 C = Inter-level travel time spent in this place.
 D = Time resting spent in this place.
 E = Time spent auto-exploring this place.
 F = Levels seen in this place.
 G = Mean time per level.
                   A        B        C        D        E       F      G
               +--------+--------+--------+--------+--------+-----+--------+
         Total |    661 |    540 |    121 |    208 |      0 |   2 |  330.5 |
       Dungeon |    661 |    540 |    121 |    208 |      0 |   2 |  330.5 |
               +--------+--------+--------+--------+--------+-----+--------+

Top non-repeatable levels by time:
     D:2: 397 daAuts
     D:1: 264 daAuts
